 Dungeon Crawl Stone Soup version bcrawl-1.23.3-19-gdc5968f444 (webtiles) character file.

Game seed: 12081590387880159078

7567 Freyura the Basher (level 10, -2/141 HPs)
             Began as a Demonspawn Chaos Knight on June 7, 2020.
             Was a Plaything of Xom.
             Slain by a killer bee (5 damage)
             ... on level 8 of the Dungeon.
             The game lasted 00:20:19 (6479 turns).

Freyura the Basher (Demonspawn Chaos Knight)        Turns: 6479, Time: 00:20:20

Health: -2/141     AC: 25    Str: 12    XL:     10   Next: 97%
Magic:  3/10       EV:  1    Int: 14    God:    Xom [..*...]
Gold:   426        SH:  0    Dex: 18    Spells: 9/9 levels left

rFire    . . .     SeeInvis .   x - +2 dire flail (drain)
rCold    . . .     Gourm    .   (shield currently unavailable)
rNeg     + + +     Faith    +   (armour currently unavailable)
rPois    +         Spirit   .   (helmet currently unavailable)
rElec    .         Reflect  .   (cloak currently unavailable)
rCorr    .         Harm     .   (gloves currently unavailable)
MR       .....     Clarity  +   (boots currently unavailable) Stlth ++........NoTele +
                                l - amulet of faith
HPRegen  0.33/turn              (no ring)
MPRegen  0.12/turn              (no ring)

@: lethally poisoned (-2 -> -8), tree-form, very slightly contaminated
A: giant, agile 1, clarity, demonic guardian 1, mutation resistance 1, robust 2,
MP-powered wands
a: Renounce Religion


You were on level 8 of the Dungeon.
You worshipped Xom.
You were a toy of Xom.
You were not hungry.
You were a tree.
You visited 1 branch of the dungeon, and saw 8 of its levels.

You collected 426 gold pieces.

Inventory:

Hand Weapons
 h - a +5 whip
 m - a +2 quarterstaff of chaos
 x - a +2 dire flail of draining (weapon)
Armour
 b - a +2 leather armour (melded)
 c - a +0 cloak
 g - a +0 buckler
 n - a +1 cloak
 r - a +0 medium shield
 v - a scarf of spirit shield (melded)
 z - a +0 pair of boots (melded)
 G - a +0 plate armour
Jewellery
 l - an amulet of faith (around neck)
 B - a +2 ring of protection {unknown}
Wands
 p - a wand of enslavement (10)
 y - a wand of random effects (8)
Scrolls
 a - a scroll of immolation {unknown}
 d - 5 scrolls of teleportation
 f - 2 scrolls of remove curse
 q - 4 scrolls of identify
 s - 2 scrolls of blinking {unknown}
 A - a scroll of amnesia {unknown}
 D - a scroll of fog
 E - 2 scrolls of magic mapping {unknown}
Potions
 j - 2 potions of lignification
 k - a potion of agility {unknown}
 o - a potion of magic {unknown}
 t - a potion of ambrosia {unknown}
 u - a potion of resistance {unknown}
 w - 3 potions of haste {unknown}
 C - a potion of cancellation {unknown}
Comestibles
 e - 19 rations {!d}


   Skills:
 + Level 7.5 Fighting
 * Level 9.9 Maces & Flails
 - Level 0.1(6.1) Staves
 + Level 6.3 Armour
 + Level 6.1 Dodging
 - Level 0.6 Stealth
 + Level 5.8 Shields


You had 9 spell levels left.
You didn't know any spells.
Your spell library contained the following spells:

 Spells                   Type           Power        Failure   Level  Hunger
 Blink Other              Tloc           #.....       28%         1    ##.....
 Beckoning                Tloc           #.........   65%         3    ####...
 Ignite Poison            Fire/Tmut/Pois #.......     65%         3    ####...
 Portal Projectile        Tloc           #.....       65%         3    ####...
 Dispersal                Tloc           #.........   100%        6    #######


Dungeon Overview and Level Annotations

Branches:
Dungeon (8/12)             Temple (0/1) D:5            Lair (0/6) D:7
    Orc: D:8-11

Altars:
Elyvilon
Hepliaklqana
Okawaru
Qazlal
Trog
Vehumet
Wu Jian


Innate Abilities, Weirdness & Mutations

((You have a pair of horns on your head.))
((You are partially covered in large bone plates. (SH +4)))
A weak demonic guardian rushes to your aid.
((You are mostly covered in sharp spines.))
You are agile. (Dex +2)
You possess an exceptional clarity of mind.
You are somewhat resistant to further mutation.
((Your system is resistant to poisons. (rPois)))
You are very robust. (+20% HP)
You expend magic power (3 MP) to strengthen your wands.


Message History

The killer bee stings you but does no damage.
You hit the killer bee.
The killer bee is moderately wounded.
The killer bee stings you.
* * * LOW HITPOINT WARNING * * *
You are more poisoned.
The killer bee poisons you!
The killer bee stings you but does no damage.
You hit the killer bee but do no damage.
The killer bee is moderately wounded.
* * * LOW HITPOINT WARNING * * *
You feel sick.
The killer bee stings you but does no damage.
You closely miss the killer bee.
The killer bee is moderately wounded.
* * * LOW HITPOINT WARNING * * *
You feel sick. The killer bee stings you.
* * * LOW HITPOINT WARNING * * *
The killer bee stings you.
You die...

...†........##...#..........#....
.......$.........................
#....†.......# ..................
....##††.....# #...............#
...#*##......# *##..............#
..#*, ##†....# #...............#
#.** ##†....# #...#............
.. ''#.)....####5..##...........
,.........†....y♣5..#####.......#
,......###....####..# ####.##..
,...a.#**##...# #### #.##..
,..... ,,,##.## ###### ,...., ,
*#.# .... ,, #.# ,..., *****..#
,,, , ***,..# ,,,, ,, ,,..#


You could see a killer bee, a friendly white imp and a friendly ufetubus.

Vanquished Creatures
  A two-headed ogre (D:8)
  Prince Ribbit (D:6)
  3 hippogriffs (D:6)
  Eustachio (D:6)
  A hog (D:7)
  A human (D:7)
  2 yaks
  A steam dragon (D:7)
  A hungry ghost (D:6)
  11 soldier ants (D:8)
  A porcupine (D:7)
  A water moccasin (D:8)
  A crocodile (D:7)
  2 ice beasts
  An orc warrior (D:7)
  4 phantoms
  A necrophage (D:3)
  A sky beast (D:4)
  A black bear (D:7)
  7 bullfrogs
  5 killer bees (D:8)
  A howler monkey (D:6)
  4 crimson imps
  A bullfrog zombie (D:7)
  10 hounds
  2 quasits (D:8)
  A jelly (D:8)
  2 orc priests
  Crazy Yiuf (D:2)
  6 orc wizards
  An iguana (D:4)
  A centaur skeleton (D:3)
  Terence (D:2)
  12 worker ants
  A hound zombie (D:7)
  Robin (D:2)
  A howler monkey skeleton (D:7)
  2 gnolls
  5 adders
  3 shadow imps
  2 oozes (D:3)
  An adder skeleton (D:5)
  An adder zombie (D:5)
  2 worms
  3 dart slugs
  2 leopard geckos
  17 orcs
  5 bats
  3 giant cockroaches (D:2)
  9 goblins
  9 hobgoblins
  8 jackals
  3 quokkas
  A ball python (D:2)
  4 frilled lizards
  7 kobolds
  2 quokka zombies (D:6)
  8 rats
191 creatures vanquished.

Vanquished Creatures (collateral kills)
  A hog (D:7)
  Grum (D:8)
  Edmund (D:5)
  4 soldier ants (D:8)
  A black bear (D:7)
  A bullfrog (D:8)
  A hound (D:8)
  An orc priest (D:5)
  An adder (D:8)
  An orc (D:6)
13 creatures vanquished.

Vanquished Creatures (others)
  A hog (D:7)
  A fungus (D:2)
  4 toadstools (D:1)
6 creatures vanquished.

Grand Total: 210 creatures vanquished

Notes
Turn   | Place    | Note
-------+----------+-------------------------------------------
     0 | D:1      | Freyura the Demonspawn Chaos Knight began the quest for the
                  | Orb.
     0 | D:1      | Reached XP level 1. HP: 18/18 MP: 1/1
    24 | D:1      | XOM: silly message
   305 | D:1      | Reached skill level 3 in Maces & Flails
   313 | D:1      | Gained mutation: You have a pair of small horns on your
                  | head. [demonic ancestry]
   313 | D:1      | Reached XP level 2. HP: 24/24 MP: 2/2
   381 | D:1      | XOM: divination: detect creatures
   395 | D:1      | XOM: divination: detect creatures
   513 | D:1      | XOM: silly message
   529 | D:1      | XOM: harmless Summ miscast
   760 | D:2      | Noticed Terence
   778 | D:2      | XOM: potion effect (curing)
   792 | D:2      | Killed Terence
   792 | D:2      | Reached skill level 1 in Dodging
   792 | D:2      | Reached XP level 3. HP: 14/29 MP: 3/3
   792 | D:2      | XOM: divination: magic mapping
   954 | D:2      | Found a radiant altar of Vehumet.
   962 | D:2      | Reached skill level 4 in Maces & Flails
  1089 | D:2      | Found a stormy altar of Qazlal.
  1095 | D:2      | XOM: harmless Pois miscast
  1164 | D:2      | Noticed Robin
  1167 | D:2      | XOM: potion effect (curing)
  1172 | D:2      | Gained mutation: You are partially covered in sharp spines.
                  | [demonic ancestry]
  1172 | D:2      | Reached XP level 4. HP: 35/35 MP: 4/4
  1182 | D:2      | Killed Robin
  1253 | D:2      | XOM: silly message
  1292 | D:2      | Found a runed door.
  1296 | D:2      | Noticed Crazy Yiuf
  1299 | D:2      | XOM: enchant monster (good)
  1301 | D:2      | Killed Crazy Yiuf
  1445 | D:2      | Found a faded altar of an unknown god.
  1495 | D:2      | XOM: stat loss: -1 Int (12/13)
  1573 | D:3      | XOM: noise
  1579 | D:3      | Gained mutation: You have a pair of horns on your head.
                  | [demonic ancestry]
  1579 | D:3      | Reached XP level 5. HP: 38/41 MP: 5/5
  1705 | D:3      | Found an ornate altar of the Wu Jian Council.
  1716 | D:3      | Noticed a necrophage
  1717 | D:3      | XOM: noise
  1724 | D:3      | Killed a necrophage
  1724 | D:3      | Reached skill level 5 in Maces & Flails
  1724 | D:3      | Reached XP level 6. HP: 46/48 MP: 6/6
  1867 | D:3      | Reached skill level 1 in Shields
  2038 | D:3      | Found a white marble altar of Elyvilon.
  2247 | D:3      | XOM: give mutation
  2247 | D:3      | Gained mutation: You are dopey. (Int -2) [Xom's mischief]
  2323 | D:4      | XOM: god gift: 106 stones
  2475 | D:4      | Found a hazy altar of Hepliaklqana.
  2483 | D:4      | XOM: summons friendly iron imp
  2583 | D:4      | XOM: enchant monster (good)
  2591 | D:4      | XOM: confuse monster(s)
  2600 | D:4      | Gained mutation: A weak demonic guardian rushes to your
                  | aid. [demonic ancestry]
  2600 | D:4      | Reached XP level 7. HP: 54/54 MP: 7/7
  2860 | D:4      | XOM: give mutation
  2860 | D:4      | Gained mutation: You are robust. (+10% HP) [Xom's grace]
  2869 | D:4      | XOM: give mutations
  2869 | D:4      | Gained mutation: You evolve. [Xom's grace]
  2869 | D:4      | Gained mutation: Your system is resistant to poisons.
                  | (rPois) [Xom's grace]
  2869 | D:4      | Lost mutation: You evolve. [Xom's grace]
  2869 | D:4      | Gained mutation: You are somewhat resistant to further
                  | mutation. [Xom's grace]
  2869 | D:4      | Gained mutation: You are very robust. (+20% HP) [Xom's
                  | grace]
  3000 | D:4      | XOM: silly message
  3003 | D:4      | Reached skill level 6 in Maces & Flails
  3089 | D:4      | XOM: mild Ice miscast
  3158 | D:4      | XOM: noise
  3298 | D:4      | XOM: 1-stop teleportation journey
  3450 | D:4      | XOM: silly message
  3470 | D:5      | Entered Level 5 of the Dungeon
  3474 | D:5      | XOM: confuse monster(s)
  3501 | D:5      | Found a staircase to the Ecumenical Temple.
  3511 | D:5      | Noticed Edmund
  3512 | D:5      | XOM: enchant monster (good)
  3518 | D:5      | Reached XP level 8. HP: 51/73 MP: 6/8
  3518 | D:5      | XOM: harmless Air miscast
  3531 | D:5      | XOM: divination: detect items
  3543 | D:5      | Killed Edmund
  3597 | D:5      | XOM: god gift: rapier {god gift}
  3616 | D:5      | XOM: mild Conj miscast
  3688 | D:5      | XOM: silly message
  3787 | D:5      | XOM: harmless Summ miscast
  3998 | D:5      | XOM: mild Hex miscast
  4185 | D:6      | Reached skill level 5 in Fighting
  4198 | D:6      | Noticed Eustachio
  4226 | D:6      | Killed Eustachio
  4226 | D:6      | Reached skill level 7 in Maces & Flails
  4327 | D:6      | Noticed Prince Ribbit
  4334 | D:6      | XOM: confusion (+ monsters)
  4337 | D:6      | Killed Prince Ribbit
  4370 | D:6      | Noticed a hippogriff
  4376 | D:6      | Killed a hippogriff
  4376 | D:6      | Gained mutation: You are mostly covered in sharp spines.
                  | [demonic ancestry]
  4376 | D:6      | Reached XP level 9. HP: 78/81 MP: 9/9
  4442 | D:6      | Identified Gaon's Collected Works on Spatial Contamination
  4469 | D:6      | XOM: confuse monster(s)
  4490 | D:6      | Found a bloodstained altar of Trog.
  4491 | D:6      | Found an iron altar of Okawaru.
  4504 | D:6      | XOM: harmless Pois miscast
  4611 | D:6      | XOM: harmless Chrm miscast
  4776 | D:6      | XOM: noise
  4790 | D:6      | Reached skill level 8 in Maces & Flails
  4837 | D:6      | XOM: harmless Necr miscast
  5032 | D:6      | XOM: harmless Erth miscast
  5104 | D:7      | Reached skill level 5 in Armour
  5240 | D:7      | XOM: enchant monster (good)
  5256 | D:7      | Reached skill level 5 in Dodging
  5301 | D:7      | XOM: harmless Tloc miscast
  5348 | D:7      | Found a staircase to the Lair.
  5422 | D:7      | XOM: 5-stop teleportation journey
  5625 | D:7      | XOM: swap monsters
  5626 | D:7      | XOM: give mutations
  5626 | D:7      | Gained mutation: You expend magic power (3 MP) to
                  | strengthen your wands. [Xom's grace]
  5626 | D:7      | Gained mutation: You are partially covered in large bone
                  | plates. (SH +4) [Xom's grace]
  5626 | D:7      | Gained mutation: You possess an exceptional clarity of
                  | mind. [Xom's grace]
  5626 | D:7      | Gained mutation: You are agile. (Dex +2) [Xom's grace]
  5629 | D:7      | Mutation became permanent: You are partially covered in
                  | large bone plates. (SH +4) [demonic ancestry]
  5629 | D:7      | Gained mutation: You are partially covered in large bone
                  | plates. (SH +4) [demonic ancestry]
  5629 | D:7      | Reached XP level 10. HP: 78/92 MP: 6/10
  5722 | D:7      | XOM: give mutation
  5722 | D:7      | Lost mutation: You are dopey. (Int -2) [Xom's mischief]
  5916 | D:7      | XOM: noise
  6158 | D:8      | Reached skill level 5 in Shields
  6259 | D:8      | Reached skill level 9 in Maces & Flails
  6259 | D:8      | Noticed Grum
  6267 | D:8      | XOM: harmless Conj miscast
  6271 | D:8      | Killed Grum
  6297 | D:8      | XOM: noise
  6299 | D:8      | XOM: divination: magic mapping
  6316 | D:8      | XOM: noise
  6350 | D:8      | XOM: enchant monster (bad)
  6359 | D:8      | HP: 4/94 [poisoned by a soldier ant]
  6364 | D:8      | HP: 2/94 [poisoned by a soldier ant]
  6366 | D:8      | XOM: summons 3 friendly demons
  6371 | D:8      | HP: 1/94 [poisoned by a soldier ant]
  6397 | D:8      | XOM: blink monster(s)
  6419 | D:8      | XOM: polymorph ufetubus -> crimson imp
  6447 | D:8      | Noticed a two-headed ogre
  6458 | D:8      | Killed a two-headed ogre
  6479 | D:8      | HP: 7/141 [poisoned by a killer bee]
  6479 | D:8      | HP: 3/141 [killer bee (4)]
  6479 | D:8      | Slain by a killer bee

Skill      XL: |  1  2  3  4  5  6  7  8  9 10 |
---------------+-------------------------------+-----
Maces & Flails | 3 4 5 6 7 8 9 |  9.9
Dodging        | 1 2 3 4 5 6 |  6.1
Armour         | 2 3 4 5 6 |  6.3
Shields        | 1 2 3 4 5 |  5.8
Fighting       | 4 5 6 7 |  7.5
Staves         | |  0.1
Stealth        | |  0.6

Action                   |  1- 3 |  4- 6 |  7- 9 | 10-12 || total
-------------------------+-------+-------+-------+-------++-------
Melee: Whip              |    86 |    97 |    73 |       ||   256
       Mace              |     7 |       |       |       ||     7
       Headbutt          |     7 |    18 |    33 |    16 ||    74
       Quarterstaff      |       |    17 |       |       ||    17
       Dire flail        |       |       |   135 |   148 ||   283
  Use: Scroll            |       |     4 |       |     1 ||     5
       Potion            |       |       |     2 |     5 ||     7
 Stab: Sleeping          |     2 |     2 |       |       ||     4
       Confused          |       |     4 |     1 |       ||     5
       Distracted        |       |       |     4 |     1 ||     5
       Petrified         |       |       |     1 |       ||     1
       Invisible         |       |       |       |     6 ||     6
  Eat: Chunk             |     1 |     4 |     8 |     2 ||    15
       Ration            |       |       |     1 |     1 ||     2
Armor: Leather armour    |    36 |    21 |    38 |    25 ||   120
       Skin              |       |       |       |     9 ||     9
Dodge: Dodged            |    63 |    36 |    87 |    89 ||   275
Block: Buckler           |       |    13 |    13 |       ||    26
       Other             |       |       |     1 |    23 ||    24
